 Dungeon Crawl Stone Soup version 0.32-a0-918-g0f22ef8d61 (webtiles) character file.

Game seed: 18183806676554957179

7011 mopl the Carver (level 11, -1/84 HPs)
             Began as a Merfolk Fighter on Apr 10, 2024.
             Was an Elder of Okawaru.
             Slain by an orc warlord
             ... wielding a +3 battleaxe
              (14 damage)
             ... in a bailey.
             The game lasted 00:12:28 (7792 turns).

mopl the Carver (Merfolk Fighter)                   Turns: 7792, Time: 00:12:28

Health: -1/84      AC: 19    Str: 21    XL:     11   Next: 8%
Magic:  15/15      EV: 14    Int:  7    God:    Okawaru [****..]
Gold:   543        SH:  6    Dex: 14    Spells: 10/10 levels left

rFire   + . .        a - +0 long sword
rCold   . . .        c - +0 buckler
rNeg    . . .        H - +3 scale mail {rF+}
rPois   .            x - +2 hat
rElec   .            N - +0 cloak
rCorr   +            (no gloves)
SInv    .            (no boots)
Will    .....        P - amulet of regeneration
Stlth   ++           r - ring of resist corrosion
HPRegen 1.14/turn    v - +4 ring of protection
MPRegen 0.14/turn

%: no passive effects
@: mighty, heroic
A: (nimble swimmer 2), mertail
a: Renounce Religion, Heroism, Finesse


You were in a bailey.
You worshipped Okawaru.
Okawaru was greatly pleased with you.
You visited 2 branches of the dungeon, and saw 10 of its levels.
You also visited: Bailey.

You collected 543 gold pieces.

Inventory:

Hand Weapons
 a - a +0 long sword (weapon)
 b - a +1 dagger of venom
 V - a +1 trident of venom
Missiles
 j - 25 poisoned darts (quivered)
 s - 6 boomerangs
 D - 3 javelins
Armour
 c - a +0 buckler (worn)
 x - a +2 hat (worn)
 y - a +2 robe of fire resistance
 H - a +3 scale mail of fire resistance (worn)
 K - the +5 plate armour of Plog {Harm rElec rF+ Stlth-}
   (You found it on level 6 of the Dungeon)

   rF+:       It protects you from fire.
   rElec:     It insulates you from electricity.
   Harm:      It increases damage dealt and taken.
   Stlth-:    It makes you less stealthy.
 N - a +0 cloak (worn)
 U - a +0 kite shield
Jewellery
 o - a ring of ice
 r - a ring of resist corrosion (left hand)
 v - a +4 ring of protection (right hand)
 P - an amulet of regeneration (around neck)
 Q - a +6 ring of dexterity
 R - a +6 ring of strength
 S - an amulet of reflection
Scrolls
 e - 3 scrolls of brand weapon {unknown}
 f - 2 scrolls of poison {unknown}
 h - 2 scrolls of fear {unknown}
 k - 3 scrolls of immolation {unknown}
 l - 5 scrolls of identify {unknown}
 n - 3 scrolls of butterflies {unknown}
 t - 4 scrolls of enchant armour {unknown}
 w - 3 scrolls of enchant weapon {unknown}
 E - 3 scrolls of amnesia {unknown}
 J - 2 scrolls of vulnerability {unknown}
 L - a scroll of teleportation {unknown}
 M - 3 scrolls of fog {unknown}
 O - 2 scrolls of blinking {unknown}
 W - a scroll of acquirement {unknown}
 X - a scroll of noise {unknown}
Potions
 d - 3 potions of might
 g - a potion of resistance {unknown}
 i - 7 potions of curing
 m - a potion of attraction {unknown}
 p - a potion of mutation {unknown}
 q - a potion of invisibility {unknown}
 u - 2 potions of enlightenment {unknown}
 z - 3 potions of degeneration {unknown}
 A - 2 potions of lignification {unknown}
 B - a potion of ambrosia {unknown}
 C - 4 potions of berserk rage {unknown}
 F - a potion of brilliance {unknown}
 G - 2 potions of cancellation {unknown}
 I - 2 potions of heal wounds {unknown}
 T - a potion of haste {unknown}
 Z - a potion of magic {unknown}
Miscellaneous
 Y - a phial of floods (inert)


   Skills:
 + Level 7.1(12.1) Fighting
 * Level 13.2(18.2) Long Blades
 + Level 5.5(10.5) Throwing
 + Level 4.7(9.7) Armour
 + Level 7.0(12.0) Dodging
 - Level 3.0(8.0) Shields
 + Level 5.9 Invocations
 + Level 1.0 Evocations


You had 10 spell levels left.
You didn't know any spells.
Your spell library contained the following spells:

 Spells                   Type           Power      Damage    Failure   Level
 Sublimation of Blood     Necr           0%         N/A       88%         2
 Sigil of Binding         Hex            0%         N/A       98%         3
 Dimensional Bullseye     Hex/Tloc       0%         N/A       100%        4
 Leda's Liquefaction      Alch/Erth      0%         N/A       100%        4
 Olgreb's Toxic Radiance  Alch           0%         N/A       100%        4
 Petrify                  Alch/Erth      0%         N/A       100%        4
 Irradiate                Conj/Alch      0%         3d11      100%        5
 Lee's Rapid Deconstruct  Erth           0%         3d4*      100%        5
 Permafrost Eruption      Ice/Erth       0%         2x4d1     100%        6
 Ozocubu's Refrigeration  Ice            0%         4d7       100%        7
 Discord                  Hex            0%         N/A       100%        8
 Call Canine Familiar     Summ           Unusable   N/A       N/A         3
 Animate Armour           Summ/Erth      Unusable   N/A       N/A         4
 Summon Blazeheart Golem  Fire/Summ      Unusable   N/A       N/A         4
 Summon Lightning Spire   Summ/Air       Unusable   N/A       N/A         4

Dungeon Overview and Level Annotations

Branches:
Dungeon (9/15)             Temple (1/1) D:5          Bailey (1/1)
   Lair: D:8-11         Orc: D:9-12

Altars:
Ashenzari
Cheibriados
Dithmenos
Elyvilon
Fedhas
Gozag
Hepliaklqana
Kikubaaqudgha
Makhleb
Nemelex Xobeh
Okawaru
Qazlal
Ru
Sif Muna
Trog
Uskayaw
Vehumet
Wu Jian
Xom
Yredelemnul
Zin
The Shining One

Annotations:
D:3 1 runed translucent door, ILmort's ghost, amateur DgHu


Innate Abilities, Weirdness & Mutations

((You are very nimble when in or above water. (Stealth+, EV+, Speed+++)))
Your lower body shifts to a powerful aquatic tail in water.


Message History

The orc warrior no longer looks unusually strong.
The orc warrior hits you but does no damage.
You hit the orc warlord but do no damage.
The orc warlord looks as sick as possible!
The orc warlord is heavily wounded.
The orc warlord roars a battlecry!
The orc warrior goes into a battle-frenzy!
You puncture the orc warlord!
The orc warlord looks as sick as possible!
The orc warlord is severely wounded.
The orc warrior hits you but does no damage.
You closely miss the orc warlord.
The orc warlord is severely wounded.
The orc warlord hits you with a +3 battleaxe!
You hit the orc warlord.
The orc warlord is severely wounded.
You block the orc warrior's attack.
You puncture the orc warlord!
The orc warlord looks as sick as possible!
The orc warlord is almost dead.
The orc warlord closely misses you.
Your +1 dagger of venom stops dripping with poison.
a - a +0 long sword (weapon)
The orc warrior barely misses you.
You slash the orc warlord!
The orc warlord is almost dead.
The orc warlord hits you with a +3 battleaxe!
You barely miss the orc warlord.
The orc warlord is almost dead.
The orc warrior misses you.
The orc warlord hits you but does no damage.
You hit the orc warrior.
The orc warrior is almost dead.
The orc warrior hits you with a +0 war axe!!
* * * LOW HITPOINT WARNING * * *
Unknown command.
You kill the orc warrior!
Okawaru accepts your kill.
The orc warlord hits you with a +3 battleaxe!
You die...

##.)...## ##..)))## #.......#
#.....).# #.......##
##.......## .........#
#.........# .........##
##.........##
....⌠.....#######.....⌠.....#
.........##.....##..~......##
.........#.......#~).......#
#...))).##......@##)......##
#...)...'........o).......#
##.....##))......)##.....##
#######..)..⌠.....#######
##.........## #.........#
##.......## #.......#
##.....##


You could see an orc warlord (extremely poisoned).

Vanquished Creatures
  A two-headed ogre (D:7)
  Pikel (D:6)
  A deep elf pyromancer (D:7)
  A cyclops (D:7)
  A troll (D:7)
  Sigmund (D:6)
  2 wyverns (D:9)
  6 yaks (D:9)
  2 steam dragons
  Edmund (D:4)
  An acid dragon (D:9)
  10 orc warriors
  A sky beast (D:7)
  2 black bears (D:8)
  2 ice beasts (D:8)
  A lemure (D:6)
  A centaur (D:9)
  A phantom (D:7)
  2 kobold brigands
  Blork the orc (D:6)
  A bullfrog (D:7)
  2 gnoll sergeants
  A scorpion (D:5)
  3 killer bees (D:9)
  3 bombardier beetles
  A quasit (D:7)
  An orc priest (D:8)
  A hound (D:6)
  3 jellies
  A sleepcap (D:5)
  Crazy Yiuf (D:6)
  2 gnoll boudas
  Jessica (D:2)
  7 iguanas
  3 orc wizards
  6 adders
  21 gnolls
  A white imp (D:7)
  2 ufetubi (D:7)
  4 dart slugs
  2 ribbon worms
  32 orcs
  7 ball pythons
  7 bats
  7 endoplasms
  8 giant cockroaches
  21 goblins
  18 hobgoblins
  5 jackals (D:2)
  2 quokkas (D:1)
  2 frilled lizards
  15 kobolds
  9 rats
239 creatures vanquished.

Vanquished Creatures (others)
  A goblin (D:2)
1 creature vanquished.

Grand Total: 240 creatures vanquished

Notes
Turn   | Place    | Note
-------+----------+-------------------------------------------
     0 | D:1      | mopl the Merfolk Fighter began the quest for the Orb.
     0 | D:1      | Reached XP level 1. HP: 18/18 MP: 1/1
    43 | D:1      | Reached skill level 3 in Long Blades
    55 | D:1      | Reached XP level 2. HP: 23/24 MP: 2/2
   154 | D:1      | Reached skill level 4 in Long Blades
   200 | D:1      | Reached XP level 3. HP: 29/29 MP: 3/3
   823 | D:2      | Reached skill level 5 in Long Blades
   833 | D:2      | Reached XP level 4. HP: 23/35 MP: 4/4
  1116 | D:2      | Noticed Jessica
  1129 | D:2      | Killed Jessica
  1381 | D:2      | Reached skill level 6 in Long Blades
  1381 | D:2      | Reached XP level 5. HP: 39/41 MP: 5/5
  1548 | D:3      | Found a runed translucent door.
  1565 | D:3      | Found a broken altar of Ashenzari.
  1617 | D:3      | Noticed ILmort's ghost (amateur DgHu)
  2026 | D:4      | Reached skill level 7 in Long Blades
  2220 | D:4      | Reached XP level 6. HP: 47/47 MP: 6/6
  2283 | D:4      | Noticed Edmund
  2313 | D:4      | Killed Edmund
  2314 | D:4      | Reached skill level 8 in Long Blades
  2688 | D:5      | Entered Level 5 of the Dungeon
  2736 | D:5      | Found a burning altar of Makhleb.
  2812 | D:5      | Reached XP level 7. HP: 38/52 MP: 7/7
  2939 | D:5      | Reached skill level 9 in Long Blades
  2950 | D:5      | Found a staircase to the Ecumenical Temple.
  2996 | Temple   | Entered the Ecumenical Temple
  3008 | Temple   | Became a worshipper of Warmaster Okawaru
  3068 | D:5      | Found a white marble altar of Elyvilon.
  3169 | D:5      | Found an opulent altar of Gozag.
  3719 | D:6      | Reached skill level 1 in Dodging
  3769 | D:6      | Noticed Sigmund
  3804 | D:6      | Killed Sigmund
  3805 | D:6      | Reached skill level 1 in Throwing
  3805 | D:6      | Reached skill level 1 in Invocations
  3805 | D:6      | Reached XP level 8. HP: 33/60 MP: 8/8
  3823 | D:6      | Noticed Blork the orc
  3838 | D:6      | Killed Blork the orc
  3838 | D:6      | Reached * piety under Okawaru
  3839 | D:6      | Reached skill level 10 in Long Blades
  3839 | D:6      | Reached skill level 2 in Dodging
  3889 | D:6      | Identified the +5 plate armour of Plog {Harm rElec rF+
                  | Stlth-}
  3943 | D:6      | Found an ornate altar of the Wu Jian Council.
  4308 | D:6      | Reached skill level 4 in Fighting
  4342 | D:6      | Found a sparkling altar of Nemelex Xobeh.
  4359 | D:6      | Noticed Pikel
  4392 | D:6      | Killed Pikel
  4393 | D:6      | Reached skill level 2 in Throwing
  4393 | D:6      | Reached skill level 3 in Armour
  4393 | D:6      | Reached skill level 3 in Dodging
  4393 | D:6      | Reached skill level 2 in Invocations
  4576 | D:6      | Found a shimmering altar of Xom.
  4680 | D:6      | Found a runed translucent door.
  4681 | D:6      | Noticed Crazy Yiuf
  4956 | D:6      | Killed Crazy Yiuf
  5022 | D:7      | Reached XP level 9. HP: 44/65 MP: 11/11
  5034 | D:7      | Reached skill level 3 in Invocations
  5094 | D:7      | Reached ** piety under Okawaru
  5095 | D:7      | Reached skill level 3 in Throwing
  5190 | D:7      | Got the Encyclopedia of Marshalled Geomancy
  5284 | D:7      | Reached skill level 11 in Long Blades
  5284 | D:7      | Reached skill level 4 in Dodging
  5309 | D:7      | Reached skill level 5 in Fighting
  5382 | D:7      | Noticed a deep elf pyromancer
  5383 | D:7      | Noticed a troll
  5418 | D:7      | Killed a troll
  5424 | D:7      | Noticed a two-headed ogre
  5457 | D:7      | Killed a two-headed ogre
  5458 | D:7      | Reached skill level 4 in Invocations
  5530 | D:7      | Killed a deep elf pyromancer
  5530 | D:7      | Reached *** piety under Okawaru
  5531 | D:7      | Reached skill level 4 in Throwing
  5531 | D:7      | Reached skill level 5 in Dodging
  5552 | D:7      | Noticed a cyclops
  5578 | D:7      | Killed a cyclops
  5579 | D:7      | Reached skill level 6 in Fighting
  5579 | D:7      | Reached skill level 12 in Long Blades
  5579 | D:7      | Reached XP level 10. HP: 62/76 MP: 11/13
  5717 | D:7      | Reached skill level 4 in Armour
  6194 | D:8      | Reached skill level 6 in Dodging
  6194 | D:8      | Reached skill level 5 in Invocations
  6358 | D:8      | Found a radiant altar of Vehumet.
  6942 | D:9      | Reached skill level 5 in Throwing
  6996 | D:9      | Reached **** piety under Okawaru
  7108 | D:9      | Found a transporter.
  7113 | D:9      | Found Ituot's Assorted Antiques.
  7115 | D:9      | Found a transporter.
  7216 | D:9      | Reached skill level 13 in Long Blades
  7264 | D:9      | Found a hazy altar of Hepliaklqana.
  7265 | D:9      | Found a shimmering blue altar of Sif Muna.
  7274 | D:9      | Found a flagged portal.
  7288 | Bailey   | Entered a bailey
  7411 | Bailey   | Reached XP level 11. HP: 54/83 MP: 15/15
  7482 | Bailey   | Reached skill level 7 in Fighting
  7570 | Bailey   | Reached skill level 7 in Dodging
  7661 | Bailey   | Reached skill level 1 in Evocations
  7726 | Bailey   | Noticed an orc warlord
  7792 | Bailey   | Slain by an orc warlord

Illustrated notes

Levels and vault maps discovered:
D:1:      dpeg_arrival_pits, layout_basic
D:2:      layout_rooms, minivault_5, minmay_misc_feat_iff, minmay_puff,
          uniq_jessica
D:3:      layout_basic, ashenzari_altar_1, gammafunk_ghost_grave,
          kennysheep_path_1
D:4:      layout_loops_cross, chequers_serial_rivers_room_b, minivault_19,
          uniq_edmund
D:5:      layout_loops_ring, nicolae_overflow_crystal_walls, lemuel_round_altar,
          mainiacjoe_overflow_six_doors_small, minmay_temple_entry_waves
D:6:      layout_loops_ring, mainiacjoe_overflow_boulevard,
          mainiacjoe_overflow_24_doors, kennysheep_mini_moat, uniq_sigmund,
          uniq_blork_the_orc, uniq_crazy_yiuf_cottage, uniq_pikel
D:7:      minmay_chambers_of_sixes, layout_basic, serial_demonic,
          serial_demonic_b, serial_demonic_g, serial_demonic_a,
          serial_demonic_e, serial_demonic_b
D:8:      layout_loops_corners, overflow_temple_1_default
D:9:      layout_rooms, gammafunk_temple_overflow_statue, enter_bailey_3,
          serial_shops, nicolae_shop_drivethru
Temple:   hellmonk_temple_forest_ring
Bailey:   bailey_axe_minmay_hex_keep, bailey

Skill      XL: |  1  2  3  4  5  6  7  8  9 10 11 |
---------------+----------------------------------+-----
Long Blades    | 3 4 5 6 7 8 9 10 12 13 | 13.2
Dodging        | 1 3 5 6 7 |  7.0
Throwing       | 1 2 4 5 |  5.5
Invocations    | 1 2 4 5 |  5.9
Fighting       | 4 6 7 |  7.1
Armour         | 3 4 |  4.7
Evocations     | 1 |  1.0
Shields        | |  3.0

Action                     |  1- 3 |  4- 6 |  7- 9 | 10-12 || total
---------------------------+-------+-------+-------+-------++-------
  Melee: Long sword        |   155 |    31 |     4 |   294 ||   484
         Dagger            |       |   174 |   457 |   334 ||   965
         Tailslap          |       |       |       |     2 ||     2
 Invoke: Heroism           |       |       |     3 |     9 ||    12
  Evoke: Phial of floods   |       |       |       |     1 ||     1
    Use: Potion            |       |     1 |       |     2 ||     3
 Armour: Scale mail        |   143 |    50 |   310 |   334 ||   837
         Chain mail        |       |    72 |       |       ||    72
  Dodge: Dodged            |    74 |    56 |   155 |   283 ||   568
  Block: Buckler           |    34 |    34 |    72 |   123 ||   263

Table legend: (Time is in decaauts)
 A = Elapsed time spent in this place.
 B = Non-inter-level travel time spent in this place.
 C = Inter-level travel time spent in this place.
 D = Time resting spent in this place.
 E = Time spent auto-exploring this place.
 F = Levels seen in this place.
 G = Mean time per level.
                   A        B        C        D        E       F      G
               +--------+--------+--------+--------+--------+-----+--------+
         Total |   7457 |   7204 |    253 |    734 |   3984 |  11 |  677.9 |
       Dungeon |   7031 |   6800 |    231 |    734 |   3984 |   9 |  781.2 |
        Temple |     23 |      1 |     22 |      0 |      0 |   1 |   23.0 |
        Bailey |    401 |    401 |      0 |      0 |      0 |   1 |  401.0 |
               +--------+--------+--------+--------+--------+-----+--------+

Top non-repeatable levels by time:
     D:6: 1126 daAuts
     D:5: 1076 daAuts
     D:2: 933 daAuts
     D:8: 932 daAuts
     D:7: 804 daAuts
     D:4: 796 daAuts
     D:1: 493 daAuts
     D:3: 477 daAuts
  Bailey: 401 daAuts
     D:9: 391 daAuts
  Temple: 23 daAuts
